AoeStats
← Jassassinator

Black Forest

509511751Analyzed
2v2 RM · 5d ago on Sep 27, 2026· 108m 19s· 4 players
Game mode
Random Map
Map size
Medium (4 player)
Population
200
Speed
Normal
Resources
Standard
Victory
Conquest
Starting age
Dark Age
Ending age
Imperial Age
RankedLock teamsTeams togetherTeam positionsShared explorationLock speedFull tech treeHidden civsTurbo modeCheats
Victory
Defeat
🇺🇸 Romans · United States
580
+14
🇨🇴 Persians · Colombia
567
+15
🇺🇸 Japanese · United States
596
-17
🇦🇷 Britons · Argentina
487
-12
Vegeta079042
12:03 Feudal Age
12:48 Double-Bit Axe
15:39 Fishing Lines
19:01 Gold Mining
19:16 Horse Collar
25:15 Castle Age
26:07 Caravan
26:39 Coinage
26:23 Bow Saw
26:17 Gillnets
29:10 Fortified Wall
29:11 Masonry
29:22 Ballistics
30:37 Gold Shaft Mining
35:40 Wheelbarrow
40:11 Heavy Plow
40:09 Stone Mining
45:13 Imperial Age
43:46 Ballistas
45:56 Hand Cart
46:56 Chemistry
45:22 Onager
45:24 Heavy Scorpion
46:30 Conscription
47:00 Scale Barding Armor
47:05 Forging
46:56 Scale Mail Armor
46:49 Capped Ram
51:01 Elite Centurion
52:03 Comitatenses
54:28 Guilds
54:49 Banking
84:44 Sappers
90:53 Town Watch
94:03 Siege Ram
96:24 Iron Casting
96:10 Chain Barding Armor
96:06 Chain Mail Armor
95:52 Padded Archer Armor
95:43 Fletching
96:28 Crop Rotation
96:49 Architecture
96:25 Siege Engineers
96:13 Guard Tower
96:19 Murder Holes
SLOW SELINE1975
13:30 Feudal Age
16:44 Loom
17:10 Man-at-Arms
17:43 Arson
23:48 Castle Age
25:28 Double-Bit Axe
28:45 Bow Saw
30:09 Elite Skirmisher
35:52 Wheelbarrow
35:38 Forging
38:30 Hand Cart
39:01 Stone Mining
39:02 Gold Mining
39:28 Town Watch
40:13 Husbandry
42:19 Kamandaran
43:05 Pikeman
45:24 Caravan
46:56 Gold Shaft Mining
46:58 Stone Shaft Mining
47:17 Murder Holes
47:50 Squires
48:58 Iron Casting
48:54 Parthian Tactics
50:34 Ballistics
F1TRACER
13:07 Feudal Age
13:42 Fishing Lines
16:15 Double-Bit Axe
26:03 Castle Age
28:32 Bow Saw
29:02 Wheelbarrow
28:56 Gillnets
28:59 Pikeman
29:41 Squires
31:01 Hand Cart
33:40 Fletching
34:14 Gold Mining
34:15 Stone Mining
36:55 Yeomen
37:22 Gold Shaft Mining
37:54 Bodkin Arrow
39:39 Ballistics
39:27 Gambesons
42:46 Imperial Age
41:24 Light Cavalry
42:49 Guard Tower
43:57 Conscription
43:40 Warwolf
45:50 Chemistry
44:42 Heated Shot
45:53 Bracer
45:54 Padded Archer Armor
47:16 Arrowslits
47:39 Elite Longbowman
48:39 Husbandry
50:27 Cavalier
88:31 Horse Collar
89:34 Caravan
91:26 Heavy Plow
93:20 Scale Barding Armor
96:28 Chain Barding Armor
96:20 Forging
Jassassinator
0:29 Loom
13:14 Feudal Age
13:53 Double-Bit Axe
15:55 Wheelbarrow
19:30 Stone Mining
22:58 Castle Age
21:43 Gold Mining
23:56 Bow Saw
23:12 Pikeman
26:35 Forging
26:25 Scale Mail Armor
30:12 Gambesons
37:25 Imperial Age
37:27 Hand Cart
38:31 Kataparuto
38:40 Conscription
39:55 Elite Samurai
42:51 Halberdier
44:29 Squires
44:14 Arson
45:08 Iron Casting
44:49 Chain Mail Armor
46:48 Chemistry
46:12 Chain Mail Armor
Connection lost

Rejoining the realm…

Still unreachable

The connection could not be restored.

Session expired

The server has moved on; the page needs a fresh start.